[Event "*** Titled Tuesday Blitz"]
[Site "Chess.com"]
[Date "2020.04.28"]
[Round "1"]
[White "canary2016"]
[Black "Sanyura"]
[Result "0-1"]
[WhiteElo "1857"]
[BlackElo "2478"]
[TimeControl "180+1"]
[EndTime "10:04:20 PDT"]
[Termination "Sanyura won by resignation"]

1. Nf3 Nf6 2. g3 g6 3. Bg2 Bg7 4. O-O O-O 5. d4 d6 6. c4 Nbd7 7. Nc3 e5 8. e4 exd4 9. Nxd4 Nc5 10. Re1 Ng4 11. b3 Qf6 12. Be3 Nxe3 13. fxe3 c6 14.
Rf1 Qg5 15. Qe2 Bg4 16. Bf3 Bxf3 17. Qxf3 Rae8 18. Rad1 h5 19. b4 Nd7 20. a3 Ne5 21.
Qf4 Qxf4 22. exf4 Nxc4 23. Nc2 Bxc3 24. Rd3 Bg7 25. Re1 d5 26. e5 a5 27. bxa5 Nxa5 28.
Nd4 Nc4 29. Nf3 Ra8 30. Ra1 b5 31. Nd4 Ra6 32. Kf2 Rfa8 33. Nc2 Bf8 34. Nd4 Bc5 35. Ke2 Bxd4 36. Rxd4 Rxa3 37. Rc1 Ra2+ 38. Ke1 R8a3 39. Rdd1 Re3+ 40. Kf1 Rf3+ 41. Kg1 Rff2 42. h3 Rg2+ 43. Kh1 Rh2+ 44. Kg1 Rag2+ 0-1

[Event "*** Titled Tuesday Blitz"]
[Site "Chess.com"]
[Date "2020.04.28"]
[Round "1"]
[White "GM4life"]
[Black "Problematique_99"]
[Result "1-0"]
[WhiteElo "2181"]
[BlackElo "2509"]
[TimeControl "180+1"]
[EndTime "10:04:21 PDT"]
[Termination "GM4life won by resignation"]

1. e4 c5 2. Nf3 e6 3. d4 cxd4 4.
Nxd4 a6 5. c4 Nf6 6. Nc3 Bb4 7.
Qd3 d6 8. f3 Nbd7 9. a3 Bc5 10.
Be3 O-O 11. Be2 Qc7 12. O-O b6 13. Rac1 Bb7 14. b4 Ne5 15. Qd2 Bxd4 16. Bxd4 Rac8 17. Kh1 Rfd8 18. Rfd1 Nfd7 19. Bf1 Nxc4 20. Bxc4 Qxc4 21. Nd5 Qb3 22. Ne7+ Kf8 23. Nxc8 Rxc8 24. Rxc8+ Bxc8 25. Rc1 Bb7 26. Rc7 1-0

[Event "*** Titled Tuesday Blitz"]
[Site "Chess.com"]
[Date "2020.04.28"]
[Round "1"]
[White "DinaBelenkaya"]
[Black "blobica"]
[Result "0-1"]
[WhiteElo "2177"]
[BlackElo "2532"]
[TimeControl "180+1"]
[EndTime "10:04:22 PDT"]
[Termination "blobica won by resignation"]

1. e4 c6 2. d4 d5 3. Nc3 dxe4 4. Nxe4 Nf6 5. Nxf6+ exf6 6. c3 Bd6 7. Bd3 O-O 8. Ne2 Re8 9. Qc2 h5 10. Be3 Qc7 11. h3 h4 12. O-O Nd7 13. Rae1 Nf8 14.
c4 Qb8 15. Nc3 Bd7 16. Ne4 Bc7 17. Nc5 Bc8 18. Bf5 Bxf5 19. Qxf5 Ng6 20. Bd2 Rxe1 21. Rxe1 Bd6 22. Qd7 Bxc5 23. dxc5 Ne5 24. b3 Nxd7 0-1

[Event "*** Titled Tuesday Blitz"]
[Site "Chess.com"]
[Date "2020.04.28"]
[Round "1"]
[White "kakakz"]
[Black "Yaacovn"]
[Result "0-1"]
[WhiteElo "2395"]
[BlackElo "2748"]
[TimeControl "180+1"]
[EndTime "10:04:23 PDT"]
[Termination "Yaacovn won by resignation"]

1. d4 Nf6 2. c4 e5 3. dxe5 Ne4 4. Nd2 Bb4 5. Nf3 Nc6 6. a3 Nxd2 7. Bxd2 Bxd2+ 8. Qxd2 O-O 9. e3 Qe7 10. Be2 Nxe5 11.
O-O d6 12. Nd4 c6 13. Rad1 Rd8 14. b4 h6 15. f4 Ng4 16. Bxg4 Bxg4 17. f5 Bxd1 18.
f6 Qe5 19. Qxd1 Qxe3+ 20. Kh1 g6 21. Rf3 Qe5 22. Rh3 Re8 23. Nf3 Qf4 24. Rh4 Qxf6 25. Rxh6 Kg7 26. Rh4 Re3 27. Rd4 Rxa3 28. h3 c5 29.
bxc5 dxc5 0-1

[Event "*** Titled Tuesday Blitz"]
[Site "Chess.com"]
[Date "2020.04.28"]
[Round "1"]
[White "Hangar-18"]
[Black "DoHoChess"]
[Result "1-0"]
[WhiteElo "2255"]
[BlackElo "2554"]
[TimeControl "180+1"]
[EndTime "10:04:24 PDT"]
[Termination "Hangar-18 won by resignation"]

1. Nf3 d5 2. b3 c5 3. Bb2 Nc6 4. e3 Nf6 5. Bb5 Bd7 6. O-O e6 7. d3 Bd6 8. Nbd2 a6 9. Bxc6 Bxc6 10. c4 O-O 11. Ne5 Qc7 12. f4 Nd7 13. Nxc6 Qxc6 14. cxd5 exd5 15. Qg4 f6 16. Rf3 Rae8 17. Raf1 Rf7 18.
Rh3 Nf8 19. Rg3 Qd7 20. Qh5 b5 21. Qxd5 Qe7 22. Ne4 Rd8 23. Bxf6 1-0

[Event "*** Titled Tuesday Blitz"]
[Site "Chess.com"]
[Date "2020.04.28"]
[Round "1"]
[White "WinstonSilvakov"]
[Black "Unknown_IM"]
[Result "0-1"]
[WhiteElo "2109"]
[BlackElo "2511"]
[TimeControl "180+1"]
[EndTime "10:04:27 PDT"]
[Termination "Unknown_IM won by resignation"]

1. d4 Nf6 2. e3 g6 3. Bd3 Bg7 4.
Nd2 d5 5. f4 O-O 6. Ngf3 Nbd7 7. O-O b6 8. Ne5 Bb7 9. Qf3 c5 10. c3 Rc8 11. g4 cxd4 12. exd4 Rc7 13. Kh1 Qa8 14. Kg1 Ne4 15. Nxd7 Rxd7 16. Qe3 f5 17. gxf5 gxf5 18. Nf3 Kh8 19. Kh1 Bf6 20. Bd2 Rg8 21.
Rg1 e6 22. Ne5 Bxe5 23. fxe5 Rdg7 24. Rxg7 Rxg7 25. Rg1 Qg8 26. Bxe4 dxe4 27. Be1 f4 28. Rxg7 Qxg7 0-1

[Event "*** Titled Tuesday Blitz"]
[Site "Chess.com"]
[Date "2020.04.28"]
[Round "1"]
[White "Andrei_Belozerov"]
[Black "fridaywins"]
[Result "1-0"]
[WhiteElo "2575"]
[BlackElo "2243"]
[TimeControl "180+1"]
[EndTime "10:04:28 PDT"]
[Termination "Andrei_Belozerov won by resignation"]

1. e4 e5 2. Nf3 Nc6 3. Bb5 a6 4.
Ba4 Nf6 5. O-O Be7 6. Re1 b5 7. Bb3 d6 8. c3 O-O 9. h3 Na5 10.
Bc2 c5 11. d4 Nd7 12. Nbd2 cxd4 13. cxd4 Nc6 14. Nb3 Bf6 15. Be3 Bb7 16. Rc1 exd4 17. Nbxd4 Nxd4 18. Nxd4 Nc5 19. Bf4 Re8 20. Nf5 d5 21. e5 Bg5 22. Qg4 h6 23. h4 1-0

[Event "*** Titled Tuesday Blitz"]
[Site "Chess.com"]
[Date "2020.04.28"]
[Round "1"]
[White "AquivaRubinstein"]
[Black "kaumandur01"]
[Result "0-1"]
[WhiteElo "2416"]
[BlackElo "2794"]
[TimeControl "180+1"]
[EndTime "10:04:31 PDT"]
[Termination "kaumandur01 won by resignation"]

1. d4 Nf6 2. c4 g6 3. Nc3 Bg7 4.
e4 d6 5. Be2 O-O 6. Be3 c5 7.
d5 e6 8. Nf3 e5 9. Nd2 Na6 10. g4 Nc7 11. h4 Bd7 12. g5 Nfe8 13. h5 f5 14. gxf6 Qxf6 15. hxg6 hxg6 16. Nf3 a6 17.
Ng5 b5 18. Nh7 Qf7 19. Nxf8 Kxf8 20. Bg4 Bxg4 21. Qxg4 Nf6 22. Qf3 bxc4 23. a4 Rb8 24. O-O-O Nh5 25. Qg3 Nxg3 0-1

[Event "*** Titled Tuesday Blitz"]
[Site "Chess.com"]
[Date "2020.04.28"]
[Round "1"]
[White "Philosopherrr"]
[Black "Vesper2018"]
[Result "0-1"]
[WhiteElo "2476"]
[BlackElo "2041"]
[TimeControl "180+1"]
[EndTime "10:04:31 PDT"]
[Termination "Vesper2018 won by resignation"]

1. e4 c5 2. Nf3 d6 3. Bb5+ Bd7 4. Bd3 Nf6 5. O-O g6 6. c3 Bg7 7. Re1 O-O 8. Bc2 e5 9. d4 exd4 10. cxd4 Bg4 11. d5 Nbd7 12. h3 Bxf3 13. Qxf3 b5 14. a4 a6 15. Nc3 b4 16. Nd1 c4 17.
Ne3 Rc8 18. Qe2 Qc7 19. a5 Rfe8 20. f3 Nh5 21. Rb1 b3 22. Bd1 Nf4 23. Qxc4 Qxc4 24.
Nxc4 Nd3 25. Re3 Bd4 26. Bxb3 Nxc1 27. Rxc1 Bxe3+ 0-1

[Event "*** Titled Tuesday Blitz"]
[Site "Chess.com"]
[Date "2020.04.28"]
[Round "1"]
[White "StegariuVlad"]
[Black "Alexandercs432"]
[Result "1-0"]
[WhiteElo "2503"]
[BlackElo "2100"]
[TimeControl "180+1"]
[EndTime "10:04:33 PDT"]
[Termination "StegariuVlad won by resignation"]

1. e4 c5 2. Nf3 e6 3. d4 cxd4 4. Nxd4 Nc6 5. c4 Nf6 6. Nc3 Bb4 7.
f3 d5 8. cxd5 exd5 9. exd5 Nxd5 10. Nxc6 bxc6 11. Bd2 Qe7+ 12. Qe2 Nxc3 13. Qxe7+ Kxe7 14. bxc3 Bc5 15. Bc4 Be6 16. Bxe6 Kxe6 17. O-O-O Rhd8 18. Kc2 Rab8 19. Bf4 Bd6 20. Rhe1+ 1-0

[Event "*** Titled Tuesday Blitz"]
[Site "Chess.com"]
[Date "2020.04.28"]
[Round "1"]
[White "FeketeBarika"]
[Black "djogrodek1"]
[Result "0-1"]
[WhiteElo "2223"]
[BlackElo "2565"]
[TimeControl "180+1"]
[EndTime "10:04:35 PDT"]
[Termination "djogrodek1 won by resignation"]

1. Nf3 d5 2. g3 Nd7 3. Bg2 e5 4. d3 Ngf6 5. O-O c6 6. c4 Bd6 7. Bg5 h6 8. Bd2 O-O 9. Nc3 d4 10. Ne4 Nxe4 11. dxe4 a5 12. a3 a4 13. Ne1 Nc5 14. Nd3 Nb3 15. Rb1 Be6 16. Qc2 Nxd2 17. Qxd2 Bxc4 18. Rbc1 b5 19. f4 f6 20. e3 dxe3 21. Qxe3 Bxd3 22. Qxd3 Bc5+ 0-1

[Event "*** Titled Tuesday Blitz"]
[Site "Chess.com"]
[Date "2020.04.28"]
[Round "1"]
[White "profofchess"]
[Black "Gareth-Bale11"]
[Result "0-1"]
[WhiteElo "2399"]
[BlackElo "2749"]
[TimeControl "180+1"]
[EndTime "10:04:38 PDT"]
[Termination "Gareth-Bale11 won by resignation"]

1. e4 c5 2. Nf3 Nc6 3. Bb5 g6 4. O-O Bg7 5. Re1 e5 6. Bxc6 dxc6 7. d3 Qc7 8. a4 Nf6 9. a5 Rb8 10. Nbd2 Be6 11. Nc4 Nd7 12. Ng5 Bxc4 13. dxc4 O-O 14. Bd2 h6 15. Nf3 Rfd8 16. Qc1 Kh7 17. Be3 Qd6 18.
Rd1 Qe6 19. b3 Nf6 20. Bxc5 Rxd1+ 21. Qxd1 b6 22. Qd6 Qe8 23. axb6 Nxe4 24. Qe7 Nxc5 25. Qxc5 axb6 26. Qd6 Rd8 27. Qc7 e4 0-1

[Event "*** Titled Tuesday Blitz"]
[Site "Chess.com"]
[Date "2020.04.28"]
[Round "1"]
[White "LikeWater"]
[Black "Matveev_Vladimir"]
[Result "1-0"]
[WhiteElo "2776"]
[BlackElo "2414"]
[TimeControl "180+1"]
[EndTime "10:04:40 PDT"]
[Termination "LikeWater won by resignation"]

1. e4 d6 2. d4 g6 3. Nc3 Bg7 4.
h3 Nc6 5. d5 Nd4 6. Be3 c5 7.
dxc6 Nxc6 8. Nge2 Nf6 9. g3 O-O 10. Bg2 Bd7 11. O-O Rc8 12. Nd5 b6 13. Rc1 Nb8 14.
Bd4 e5 15. Nxf6+ Bxf6 16. Be3 Be6 17. b3 Qd7 18. Kh2 b5 19. f4 exf4 20. gxf4 Bg7 21. Nd4 Nc6 22. Nxb5 Nb4 23. Nxd6 Nxa2 24. Nxc8 Nxc1 25.
Qxd7 Bxd7 26. Ne7+ 1-0

[Event "*** Titled Tuesday Blitz"]
[Site "Chess.com"]
[Date "2020.04.28"]
[Round "1"]
[White "renehp"]
[Black "ChessAintFun"]
[Result "0-1"]
[WhiteElo "2413"]
[BlackElo "2774"]
[TimeControl "180+1"]
[EndTime "10:04:41 PDT"]
[Termination "ChessAintFun won by resignation"]

1. e4 c5 2. Nf3 Nc6 3. d4 cxd4 4.
Nxd4 e6 5. Nc3 Qc7 6. Be3 a6 7. Bd3 Nf6 8. O-O b5 9. Nxc6 dxc6 10. f4 Bb7 11. e5 Nd5 12. Nxd5 cxd5 13. Bd4 Bc5 14.
c3 Qb6 15. Kh1 O-O 16. Bxc5 Qxc5 17. f5 exf5 18. Rxf5 g6 19. Rf4 Rae8 20. Qe2 Re7 21. Re1 Rfe8 22. h3 Qc7 23. Ref1 Rxe5 24. Rxf7 Qxf7 25.
Rxf7 Rxe2 26. Rxb7 Rxb2 27. Rd7 Re1+ 28. Kh2 Rd1 29.
Rxd5 Rbd2 0-1

[Event "*** Titled Tuesday Blitz"]
[Site "Chess.com"]
[Date "2020.04.28"]
[Round "1"]
[White "mortngabriel"]
[Black "A-Fier"]
[Result "1-0"]
[WhiteElo "2444"]
[BlackElo "2795"]
[TimeControl "180+1"]
[EndTime "10:04:42 PDT"]
[Termination "mortngabriel won by resignation"]

1. d4 Nf6 2. Nf3 g6 3. c4 Bg7 4.
Nc3 d5 5. h4 dxc4 6. e4 O-O 7.
Bxc4 Bg4 8. Be3 Nc6 9. Be2 Bxf3 10. Bxf3 e5 11. dxe5 Nxe5 12. Be2 c6 13. h5 Qxd1+ 14.
Rxd1 Rfd8 15. hxg6 hxg6 16. f3 Rxd1+ 17. Kxd1 Nfd7 18. Kc2 Nb6 19. b3 Ned7 20. Rd1 Kf8 21. f4 Ke8 22. e5 Bf8 23. Bg4 Rd8 24. e6 Nf6 25. exf7+ Ke7 26. Bc5+ 1-0

[Event "*** Titled Tuesday Blitz"]
[Site "Chess.com"]
[Date "2020.04.28"]
[Round "1"]
[White "Sjakkerntobi"]
[Black "GMMatamoros"]
[Result "0-1"]
[WhiteElo "2186"]
[BlackElo "2534"]
[TimeControl "180+1"]
[EndTime "10:04:42 PDT"]
[Termination "GMMatamoros won by resignation"]

1. e4 c5 2. Nf3 Nc6 3. d4 cxd4 4. Nxd4 e5 5. Nb5 d6 6. a4 Be7 7. N1c3 a6 8. Na3 Nf6 9. Bg5 Nxe4 10. Nxe4 Bxg5 11. Nxg5 Qxg5 12. Qxd6 Be6 13. h4 Qf4 14. Bd3 Rd8 15. Qc7 Qb4+ 16. Ke2 Rc8 0-1

[Event "*** Titled Tuesday Blitz"]
[Site "Chess.com"]
[Date "2020.04.28"]
[Round "1"]
[White "AsaHoffmann"]
[Black "LionTheLeon_06"]
[Result "0-1"]
[WhiteElo "2310"]
[BlackElo "2636"]
[TimeControl "180+1"]
[EndTime "10:04:44 PDT"]
[Termination "LionTheLeon_06 won by resignation"]

1. d4 Nf6 2. Bg5 e6 3. Nd2 Be7 4. e3 h6 5. Bh4 b6 6. Bd3 Bb7 7.
Ngf3 c5 8. c3 cxd4 9. exd4 d6 10. Qe2 Nbd7 11. O-O O-O 12. Rfe1 Re8 13. h3 Bf8 14.
Ne4 Be7 15. Bg3 Bxe4 16. Bxe4 Nxe4 17. Qxe4 d5 18. Qd3 Qc8 19. a4 Qb7 20. a5 b5 21.
b4 a6 22. Bf4 Rac8 23. Bd2 Bd6 24. Re2 Nf6 25. Be1 Ne4 26. Re3 Bb8 27. Rc1 Qc7 28. Ne5 f6 29. Nf3 Rcd8 30. Nd2 Qh2+ 31. Kf1 f5 32.
Nf3 Qh1+ 33. Ng1 Bh2 0-1

[Event "*** Titled Tuesday Blitz"]
[Site "Chess.com"]
[Date "2020.04.28"]
[Round "1"]
[White "Pavlov_Sergey"]
[Black "agrigo3"]
[Result "1-0"]
[WhiteElo "2635"]
[BlackElo "2309"]
[TimeControl "180+1"]
[EndTime "10:04:44 PDT"]
[Termination "Pavlov_Sergey won by resignation"]

1. Nf3 d5 2. c4 c6 3. d4 Nf6 4.
Nc3 a6 5. g3 b5 6. b3 Bf5 7.
Bg2 Nbd7 8. O-O e6 9. Nh4 Bg6 10.
Nxg6 hxg6 11. Qd3 b4 12. Na4 Be7 13. cxd5 cxd5 14. Bf4 O-O 15. Rac1 Nh5 16. Bc7 Qe8 17. Rc2 Ra7 18. Rfc1 Qa8 19. e4 Nhf6 20. e5 Ne4 21. f3 Nc3 22. Nxc3 bxc3 23. Rxc3 Rc8 24. Ba5 Ba3 25.
Rxc8+ 1-0

[Event "*** Titled Tuesday Blitz"]
[Site "Chess.com"]
[Date "2020.04.28"]
[Round "1"]
[White "Bacyanide"]
[Black "Murad_Ibrahimli"]
[Result "0-1"]
[WhiteElo "2411"]
[BlackElo "2767"]
[TimeControl "180+1"]
[EndTime "10:04:49 PDT"]
[Termination "Murad_Ibrahimli won by resignation"]

1. d4 d5 2. Nf3 Nf6 3. Bf4 e6 4. e3 c5 5. Nbd2 Bd6 6. Bg3 O-O 7. c3 Nc6 8. Bd3 Qe7 9. Ne5 Bd7 10. f4 cxd4 11.
exd4 b5 12. a3 Rab8 13. O-O a5 14. Bh4 Qd8 15. Qf3 b4 16. axb4 axb4 17. Nxd7 Qxd7 18.
Bxf6 gxf6 19. Qh5 f5 20. Qg5+ Kh8 21. Qf6+ Kg8 22. Rf3 Ne7 23. Qg5+ Ng6 24. Raf1 bxc3 25. bxc3 Rb2 26. R1f2 Qd8 27. Qh6 Qf6 28. Rh3 Qg7 29. Qg5 Rxd2 30. Rxd2 Bxf4 31. Qh5 Bxd2 32. Bxf5 exf5 33.
Qxf5 Bxc3 34. Rf3 Bxd4+ 35. Kh1 Nh4 0-1

[Event "*** Titled Tuesday Blitz"]
[Site "Chess.com"]
[Date "2020.04.28"]
[Round "1"]
[White "Tayson_7"]
[Black "LuisFSiles"]
[Result "1-0"]
[WhiteElo "2632"]
[BlackElo "2306"]
[TimeControl "180+1"]
[EndTime "10:04:49 PDT"]
[Termination "Tayson_7 won by resignation"]

1. e4 e5 2. Nf3 Nc6 3. Bb5 a6 4. Ba4 Nf6 5. O-O Be7 6. Re1 b5 7. Bb3 d6 8. c3 O-O 9. h3 Nb8 10. d4 Nbd7 11. c4 c6 12. Nc3 Bb7 13. a3 exd4 14.
Nxd4 Ne5 15. cxb5 axb5 16. Nf5 Re8 17. Bf4 Bf8 18. Qc2 Nfd7 19. Rad1 Nc5 20. Ba2 Qf6 21.
Be3 Na4 22. Bd4 Nxc3 23. Bxc3 g6 24. Ne3 Rad8 25. Kh1 Qh4 26. Rf1 Bc8 27. f4 Bxh3 28.
gxh3 Qxh3+ 29. Qh2 Qxe3 30. fxe5 dxe5 31. Bxf7+ 1-0

[Event "*** Titled Tuesday Blitz"]
[Site "Chess.com"]
[Date "2020.04.28"]
[Round "1"]
[White "YuriyKrykun"]
[Black "pheonixking2000"]
[Result "0-1"]
[WhiteElo "2424"]
[BlackElo "2803"]
[TimeControl "180+1"]
[EndTime "10:04:55 PDT"]
[Termination "pheonixking2000 won by resignation"]

1. e4 c6 2. d4 d5 3. Nd2 dxe4 4. Nxe4 Nf6 5. Nxf6+ exf6 6. c3 Bd6 7. Bd3 O-O 8. Ne2 Re8 9. Qc2 h5 10. Be3 Nd7 11.
O-O-O Nf8 12. Ng3 Bg4 13. Rde1 Qa5 14. Kb1 b5 15. Nf5 Bxf5 16. Bxf5 b4 17. c4 c5 18. dxc5 Bxc5 19. Bxc5 Qxc5 20. Be4 Rad8 21. Bd5 Ne6 22. Bxe6 Rxe6 23. Rxe6 fxe6 24. b3 Rd4 25. Qg6 Rd2 26.
Rc1 Rxf2 27. Qe8+ Kh7 28. Qxe6 Qd4 29. Rc2 Qd1+ 30. Rc1 Qd3+ 0-1

[Event "*** Titled Tuesday Blitz"]
[Site "Chess.com"]
[Date "2020.04.28"]
[Round "1"]
[White "Korchmar_Vasiliy"]
[Black "Quattroporte300"]
[Result "1-0"]
[WhiteElo "2628"]
[BlackElo "2304"]
[TimeControl "180+1"]
[EndTime "10:04:55 PDT"]
[Termination "Korchmar_Vasiliy won by resignation"]

1. d4 Nf6 2. c4 e6 3. g3 d5 4.
Bg2 dxc4 5. Nf3 c5 6. O-O Nc6 7. dxc5 Qxd1 8. Rxd1 Bxc5 9. Nbd2 c3 10. bxc3 O-O 11.
Nb3 Bb6 12. c4 h6 13. c5 Bc7 14. Nfd4 Rd8 15. Bb2 Bd7 16. Nb5 Be5 17. Bxe5 Nxe5 18. Nd6 Bc6 19. Nxb7 Rxd1+ 20. Rxd1 Rb8 21. N3a5 Bxg2 22.
Kxg2 Nfd7 23. f4 1-0

[Event "*** Titled Tuesday Blitz"]
[Site "Chess.com"]
[Date "2020.04.28"]
[Round "1"]
[White "MateSchmate"]
[Black "HansCoolNiemann"]
[Result "0-1"]
[WhiteElo "2459"]
[BlackElo "2948"]
[TimeControl "180+1"]
[EndTime "10:04:56 PDT"]
[Termination "HansCoolNiemann won by resignation"]

1. e4 g6 2. f4 Bg7 3. Nf3 d5 4. e5 c5 5. c3 Nc6 6. d4 Bg4 7. Bb5 Qb6 8. Bxc6+ bxc6 9. dxc5 Qxc5 10. Qe2 Nh6 11. Be3 Qa5 12. Nbd2 O-O 13. Nb3 Qc7 14. h3 Bxf3 15. Qxf3 f6 16. exf6 exf6 17. O-O Nf5 18.
Bc5 Rfe8 19. Rae1 h5 20. g4 hxg4 21. hxg4 Nh4 22. Qf2 g5 23. fxg5 fxg5 24. Nd4 Re4 25. Ne6 Qd7 26. Rxe4 dxe4 27. Qf8+ Bxf8 0-1

[Event "*** Titled Tuesday Blitz"]
[Site "Chess.com"]
[Date "2020.04.28"]
[Round "1"]
[White "Chessterra87"]
[Black "1random"]
[Result "0-1"]
[WhiteElo "2302"]
[BlackElo "2620"]
[TimeControl "180+1"]
[EndTime "10:04:58 PDT"]
[Termination "1random won by resignation"]

1. e4 e6 2. d4 d5 3. e5 c5 4.
c3 Nc6 5. Nf3 Qb6 6. a3 c4 7.
Nbd2 Na5 8. Rb1 Bd7 9. g3 Qc7 10.
h4 Ne7 11. Bh3 h6 12. O-O Nc8 13. h5 Nb6 14. Nh4 Ba4 15. Qg4 Bc2 16. Ra1 O-O-O 17. Re1 Rg8 18. Nf1 Be7 19. Ne3 Bd3 20. Bf1 Bh7 21.
Bg2 Nb3 22. Ra2 Bb1 23. Ra1 Nxa1 24. Bd2 Nb3 25. Rxb1 Nxd2 26. Rd1 Ne4 27. Bxe4 dxe4 28. Qxe4 Bxh4 29. Qxh4 Nd5 30. Nc2 f6 31. Qg4 f5 32.
Qg6 Qe7 0-1

[Event "*** Titled Tuesday Blitz"]
[Site "Chess.com"]
[Date "2020.04.28"]
[Round "1"]
[White "petrkostenko"]
[Black "ALeks_Ivlev"]
[Result "1-0"]
[WhiteElo "2288"]
[BlackElo "2586"]
[TimeControl "180+1"]
[EndTime "10:04:59 PDT"]
[Termination "petrkostenko won by resignation"]

1. e4 c5 2. Nf3 d6 3. Bb5+ Nd7 4.
Ba4 Nf6 5. O-O Nxe4 6. Re1 Nf6 7.
d4 cxd4 8. Nxd4 e6 9. c4 Be7 10. Nb5 O-O 11. Nxd6 Nb6 12. Nxc8 Rxc8 13. Nd2 Nxa4 14.
Qxa4 Qb6 15. Re2 Rfd8 16. Nf3 Rd1+ 17. Qxd1 h6 18. Be3 Qc7 19. b3 a6 20. Rc1 Rd8 21. Qc2 Rc8 22. Rd1 b5 23. c5 b4 24. Qc4 a5 25. Bd4 Nd5 26. g3 Rd8 27. Rd3 Qc8 28. c6 f6 29. Bc5 Re8 30. Bxe7 Rxe7 31. Rxd5 exd5 32. Qxd5+ Rf7 33. Re7 1-0

[Event "*** Titled Tuesday Blitz"]
[Site "Chess.com"]
[Date "2020.04.28"]
[Round "1"]
[White "Bulldog167"]
[Black "guillembaches"]
[Result "1-0"]
[WhiteElo "2806"]
[BlackElo "2427"]
[TimeControl "180+1"]
[EndTime "10:05:02 PDT"]
[Termination "Bulldog167 won by resignation"]

1. d4 Nf6 2. c4 e6 3. Nf3 d5 4.
Nc3 Be7 5. Bg5 Nbd7 6. cxd5 Nxd5 7. Bxe7 Nxe7 8. g3 O-O 9. Bg2 c5 10. O-O cxd4 11. Qxd4 Nc6 12. Qd6 Nb6 13. Ne4 Nc4 14.
Qxd8 Rxd8 15. b3 N4a5 16. Rfc1 f5 17. Nc5 b6 18. Nd3 Ba6 19. Nf4 e5 20. Ne6 Re8 21. Nc7 Bxe2 22. Nxa8 Rxa8 23. Nxe5 1-0

[Event "*** Titled Tuesday Blitz"]
[Site "Chess.com"]
[Date "2020.04.28"]
[Round "1"]
[White "Sven_Tica"]
[Black "Galiev_Azat"]
[Result "1-0"]
[WhiteElo "2614"]
[BlackElo "2292"]
[TimeControl "180+1"]
[EndTime "10:05:04 PDT"]
[Termination "Sven_Tica won on time"]

1. d4 Nf6 2. c4 e6 3. g3 b6 4.
Bg2 c6 5. Nf3 d5 6. Qc2 Ba6 7.
Nbd2 Nbd7 8. O-O Bd6 9. b3 O-O 10. e4 dxe4 11. Nxe4 Nxe4 12. Qxe4 Rc8 13. Rd1 Nf6 14.
Qe2 Qc7 15. Bg5 Be7 16. Ne5 Bb7 17. Bf4 Bd6 18. c5 bxc5 19. dxc5 Bxe5 20. Bxe5 Qa5 21. b4 Ba6 22. Qb2 Qb5 23. Bxf6 gxf6 24. Qxf6 Qxb4 25. Rd4 1-0

[Event "*** Titled Tuesday Blitz"]
[Site "Chess.com"]
[Date "2020.04.28"]
[Round "1"]
[White "MatijaOlimpiakosIvic"]
[Black "PavelChernomordik"]
[Result "1-0"]
[WhiteElo "2768"]
[BlackElo "2412"]
[TimeControl "180+1"]
[EndTime "10:05:05 PDT"]
[Termination "MatijaOlimpiakosIvic won by resignation"]

1. Nf3 g6 2. c4 Bg7 3. g3 e5 4.
Nc3 Nc6 5. Bg2 d6 6. O-O Be6 7. d3 h6 8. Rb1 Qd7 9. b4 Bh3 10. Nd5 Bxg2 11. Kxg2 Nd8 12. b5 c6 13. bxc6 bxc6 14.
Nc3 Ne7 15. Qa4 h5 16. h4 Ne6 17. Ba3 f5 18. Rfc1 f4 19. Ne4 Nf5 20. Qa6 Nc7 21. Qa4 O-O 22. Rb7 Rac8 23. Rcb1 fxg3 24. fxg3 Ne3+ 25.
Kf2 Ng4+ 26. Kg2 Ne3+ 27. Kh2 Ng4+ 28. Kg1 Ne3 29. Kf2 Ng4+ 30. Ke1 Bh6 31. Bxd6 Rxf3 32. exf3 Nh2 33. Nf6+ 1-0

[Event "*** Titled Tuesday Blitz"]
[Site "Chess.com"]
[Date "2020.04.28"]
[Round "1"]
[White "cukin84"]
[Black "Malev212"]
[Result "0-1"]
[WhiteElo "2078"]
[BlackElo "2503"]
[TimeControl "180+1"]
[EndTime "10:05:06 PDT"]
[Termination "Malev212 won by resignation"]

1. e4 c6 2. d4 d5 3. exd5 cxd5 4. Bd3 Nc6 5. c3 Qc7 6. h3 g6 7. Nf3 Bf5 8. Bxf5 gxf5 9. g3 e6 10.
O-O Bd6 11. Kh2 Nf6 12. Bg5 Ne4 13. Nbd2 Bxg3+ 14. fxg3 Qxg3+ 15. Kh1 Rg8 16. Nxe4 fxe4 17. Ng1 Rxg5 18. Qe2 f5 19. Qh2 O-O-O 20. b4 Rdg8 21.
Qxg3 Rxg3 22. b5 Na5 23. a4 Nc4 24. Ra2 e3 25. Kh2 Nd2 26. Re1 Rxg1 0-1

[Event "*** Titled Tuesday Blitz"]
[Site "Chess.com"]
[Date "2020.04.28"]
[Round "1"]
[White "barbara25"]
[Black "IwkooO"]
[Result "1/2-1/2"]
[WhiteElo "2273"]
[BlackElo "2589"]
[TimeControl "180+1"]
[EndTime "10:05:07 PDT"]
[Termination "Game drawn by agreement"]

1. e4 c5 2. Nf3 e6 3. g3 Nc6 4. Bg2 d5 5. exd5 exd5 6. d4 Nf6 7. O-O h6 8. c4 Be6 9. cxd5 Nxd5 10. Nc3 Be7 11.
Nxd5 Bxd5 12. Be3 cxd4 13. Nxd4 Bxg2 14. Kxg2 Nxd4 15. Qxd4 O-O 16. Qxd8 Rfxd8 17. Rac1 Bf6 18. b3 Rd7 19. Rc4 b6 20. Rfc1 Kf8 21. f4 Ke7 22. Kf3 Rad8 23. h3 h5 24. g4 hxg4+ 25. hxg4 Bb2 26. R1c2 Bd4 27. Bxd4 Rxd4 28. Rxd4 Rxd4 29.
Rc7+ Rd7 1/2-1/2

[Event "*** Titled Tuesday Blitz"]
[Site "Chess.com"]
[Date "2020.04.28"]
[Round "1"]
[White "Gyapiking"]
[Black "Tynano"]
[Result "1-0"]
[WhiteElo "2518"]
[BlackElo "2139"]
[TimeControl "180+1"]
[EndTime "10:05:07 PDT"]
[Termination "Gyapiking won by resignation"]

1. c4 e5 2. g3 g6 3. Nc3 Bg7 4. Bg2 Nc6 5. e4 Nf6 6. Nge2 d6 7. O-O Be6 8. d3 Qd7 9. Nd5 h5 10. Bg5 Nh7 11. Be3 h4 12. f3 O-O-O 13. Qa4 Kb8 14. b4 hxg3 15. hxg3 f5 16. b5 Nd4 17. Bxd4 exd4 18.
f4 g5 19. Nb4 fxe4 20. Nc6+ bxc6 21. bxc6 Qc8 22. Rab1+ Ka8 23. Rb7 Qxb7 24. cxb7+ Kxb7 25. Bxe4+ d5 26. cxd5 Bd7 27. Rb1+ 1-0

[Event "*** Titled Tuesday Blitz"]
[Site "Chess.com"]
[Date "2020.04.28"]
[Round "1"]
[White "tomsishere"]
[Black "BocharovD"]
[Result "0-1"]
[WhiteElo "2417"]
[BlackElo "2796"]
[TimeControl "180+1"]
[EndTime "10:05:10 PDT"]
[Termination "BocharovD won by resignation"]

1. d4 Nf6 2. c4 e6 3. Nc3 Bb4 4. Qc2 c5 5. dxc5 Qc7 6. Nf3 Bxc5 7. g3 d6 8. Bg2 a6 9. O-O O-O 10. Bf4 Nc6 11. Rfd1 h6 12. a3 e5 13. Bc1 Be6 14. Nd5 Qd8 15. b4 Ba7 16. Bb2 Bxd5 17. cxd5 Ne7 18.
Rac1 Rc8 19. Qb3 Qd7 20. Nd2 Ng4 21. e3 f5 22. h3 Nxf2 23. Kxf2 f4 24. Nf1 fxe3+ 25.
Ke2 Rf2+ 26. Ke1 Rxg2 27. Rxc8+ Qxc8 28. Rc1 Qf5 0-1

[Event "*** Titled Tuesday Blitz"]
[Site "Chess.com"]
[Date "2020.04.28"]
[Round "1"]
[White "GasconJR"]
[Black "ChessBitl"]
[Result "1-0"]
[WhiteElo "2602"]
[BlackElo "2270"]
[TimeControl "180+1"]
[EndTime "10:05:10 PDT"]
[Termination "GasconJR won by resignation"]

1. d4 d5 2. Bf4 Bf5 3. e3 e6 4. c4 c6 5. Qb3 Qb6 6. c5 Qxb3 7. axb3 Nd7 8. b4 f6 9. Nf3 g5 10. Bg3 h5 11. h3 h4 12. Bh2 a6 13. b5 Bxb1 14. bxc6 Be4 15. cxd7+ Kxd7 16. Nd2 Bg6 17. b4 Ne7 18. b5 a5 19. Nb3 a4 20.
c6+ bxc6 21. Nc5+ Kc8 22. b6 Rb8 23. Ba6+ Kd8 24. Bxb8 1-0